[Event "DVM U12 2019"]
[Site "Magedburg"]
[Date "2019.12.30"]
[Round "7"]
[White "Krüger, Arthur"]
[Black "Held, Momme Fredrik"]
[Result "1-0"]
[ECO "C55"]
[WhiteElo "1693"]
[BlackElo "1573"]
[Annotator "NA"]
[PlyCount "94"]
[EventDate "2019.12.27"]
[EventType "team-tourn"]
[EventRounds "7"]
[EventCountry "GER"]
[SourceTitle "playchess.com"]
[Source "ChessBase"]
[SourceQuality "1"]
[WhiteTeam "Hamburger SK"]
[BlackTeam "SC Kreuzberg"]
[BlackTeamCountry "GER"]
[TimeControl "40/5400+30:1800+30"]

1. e4 e5 2. Nf3 Nc6 3. Bc4 Nf6 4. d3 Be7 5. O-O O-O 6. Re1 d6 7. a4 a5 8. Nbd2 Bg4 9. h3 Bh5 10. c3 Qd7 11. Nf1 Bg6 12. Ng3 Ne8 13. Qb3 Kh8 14. Bg5 f6 15. Be6 Bf7 16. Bxf7 fxg5 17. Be6 Qd8 18. Qxb7 Na7 19. Nf5 Bf6 20. Bd5 c6 21. Bxc6 Nxc6 22. Qxc6 Rc8 23. Qd5 Rb8 24. Qa2 Nc7 25. Ne3 Na6 26. Nd5 Nc5 27. Red1 Qe8 28. b4 axb4 29. cxb4 Ne6 30. Rab1 Qh5 31. Nh2 Nd4 32. a5 Bd8 33. Re1 g4 34. hxg4 Qe8 35. Ne3 g6 36. Nc2 Nb5 37. Rb3 Qf7 38. Nf3 Bh4 39. Rb2 Qf6 40. Na3 Nd4 41. Nxd4 exd4 42. Rf1 Qf4 43. a6 Bf6 44. Nc4 d5 45. exd5 Bd8 46. d6 Qxg4 {[%emt 0:00:00] normal} 47. Ne5 {[%emt 0:00:00] normal} Qh4 {[%emt 0:00:00] normal} 1-0

[Event "DVM U12 2019"]
[Site "Magedburg"]
[Date "2019.12.30"]
[Round "7"]
[White "Tomasjan, Samuel"]
[Black "Rumpold, Jaron"]
[Result "1-0"]
[ECO "B56"]
[WhiteElo "1662"]
[BlackElo "1123"]
[Annotator "NA"]
[PlyCount "109"]
[EventDate "2019.12.27"]
[EventType "team-tourn"]
[EventRounds "7"]
[EventCountry "GER"]
[SourceTitle "playchess.com"]
[Source "ChessBase"]
[SourceQuality "1"]
[WhiteTeam "SF Brackel"]
[BlackTeam "SV Roter Turm Halle"]
[WhiteTeamCountry "GER"]
[BlackTeamCountry "GER"]
[TimeControl "40/5400+30:1800+30"]

1. e4 c5 2. Nf3 d6 3. d4 cxd4 4. Nxd4 Nf6 5. Nc3 Nc6 6. Nxc6 bxc6 7. Bc4 e5 8. O-O Be7 9. Bg5 O-O 10. Qd2 Be6 11. Bb3 h6 12. Bh4 Nh5 13. Bxe7 Qxe7 14. Rad1 Rfd8 15. Ba4 Rac8 16. Qe2 Nf4 17. Qa6 Qc7 18. Ne2 Nxe2+ 19. Qxe2 d5 20. h3 d4 21. Bb3 Bxb3 22. axb3 c5 23. Qc4 a5 24. Ra1 Ra8 25. Ra4 Rdb8 26. Rfa1 Ra7 27. Qd3 Rb4 28. R1a2 Qb6 29. Qd2 Rxa4 30. Rxa4 Qb5 31. f3 Qb6 32. Qd3 Qa6 33. Qxa6 Rxa6 34. Kf1 Kf8 35. g4 g5 36. Ke1 Ke7 37. c3 Kd6 38. Kd2 Kc6 39. Kd3 Kb5 40. c4+ Kc6 41. h4 f6 42. Ra1 Kd7 43. b4 cxb4 44. c5 Kc7 45. Kc4 Kc6 46. Rh1 Kc7 47. Kb5 Kb7 48. Rc1 Rc6 49. Kxa5 Ra6+ 50. Kxb4 Kc6 51. Kc4 Ra4+ 52. b4 Ra3 53. b5+ Kc7 54. hxg5 hxg5 {[%emt 0:00:18] normal} 55. Rh1 {[%emt 0:02:34] normal} 1-0

[Event "DVM U12 2019"]
[Site "Magedburg"]
[Date "2019.12.30"]
[Round "7"]
[White "Brandstrup, Luca Alexander"]
[Black "Koulouris, Fabian"]
[Result "1/2-1/2"]
[ECO "C00"]
[WhiteElo "1602"]
[BlackElo "1261"]
[Annotator "NA"]
[PlyCount "84"]
[EventDate "2019.12.27"]
[EventType "team-tourn"]
[EventRounds "7"]
[EventCountry "GER"]
[SourceTitle "playchess.com"]
[Source "ChessBase"]
[SourceQuality "1"]
[WhiteTeam "Hamburger SK"]
[BlackTeam "SC Kreuzberg"]
[WhiteTeamCountry "GER"]
[TimeControl "40/5400+30:1800+30"]

1. e4 e6 2. d4 d5 3. Bd3 dxe4 4. Bxe4 Nf6 5. Bg5 h6 6. Bxf6 Qxf6 7. Ne2 Bd6 8. h3 O-O 9. O-O c6 10. f4 c5 11. c3 cxd4 12. cxd4 Nc6 13. Nbc3 Rd8 14. Qd2 Bc5 15. Bxc6 Bxd4+ 16. Nxd4 Rxd4 17. Qf2 bxc6 18. Rad1 Rd8 19. Ne4 Qe7 20. Qc5 Qxc5+ 21. Nxc5 Rd5 22. Nb3 Ba6 23. Rfe1 Rad8 24. Rc1 R8d6 25. Rc2 Bb5 26. Kh2 Ba4 27. Rec1 Rb5 28. Rxc6 Rxc6 29. Rxc6 Bxb3 30. axb3 Rxb3 31. Ra6 Rxb2 32. Rxa7 g6 33. Ra5 Kg7 34. Rc5 Kf6 35. h4 Rd2 36. Kh3 Rd5 37. Rc4 h5 38. g3 Kf5 39. Rb4 f6 40. Rb3 Ra5 {[%emt 0:02:04] normal} 41. Rc3 {[%emt 0:31:44] normal} Rd5 {normal} 42. Re3 {[%emt 0:01:58] normal} Rc5 {[%emt 0:01:31] normal} 1/2-1/2

[Event "DVM U12 2019"]
[Site "Magedburg"]
[Date "2019.12.30"]
[Round "7"]
[White "Gold, Jan Christian"]
[Black "Freude, Max"]
[Result "0-1"]
[ECO "C56"]
[WhiteElo "1527"]
[BlackElo "1809"]
[Annotator "NA"]
[PlyCount "56"]
[EventDate "2019.12.27"]
[EventType "team-tourn"]
[EventRounds "7"]
[EventCountry "GER"]
[SourceTitle "playchess.com"]
[Source "ChessBase"]
[SourceQuality "1"]
[WhiteTeam "SK Bad Homburg"]
[BlackTeam "SV Empor Berlin"]
[BlackTeamCountry "GER"]
[TimeControl "40/5400+30:1800+30"]

1. e4 e5 2. Bc4 Nf6 3. d4 exd4 4. Nf3 Nc6 5. O-O Nxe4 6. Re1 d5 7. Bxd5 Qxd5 8. Nc3 Qa5 9. Rxe4+ Be6 {[%emt 0:03:01] unterminated} 10. Nxd4 {[%emt 0:04:31] unterminated} O-O-O {[%emt 0:03:03] unterminated} 11. Nce2 {[%emt 0:02:31] unterminated} Qd5 {[%emt 0:14:08] C56: Two Knights: 4 d4 exd4 5 0-0 Nxe4} (11... Nxd4 $142 12. Nxd4 Bf5) 12. Nc3 {[%emt 0:00:13] unterminated} Qc4 {[%emt 0:05:01] unterminated} 13. Nce2 $146 {[%emt 0:20:34] unterminated} ({Predecessor:} 13. Be3 f5 14. Rxe6 Nxd4 15. Re5 Bb4 16. Bxd4 Rxd4 17. Qf3 g6 18. Rae1 {0-1 (31) Vojta,J (1945)-Kumala,A (2197) Pardubice 2017}) 13... f5 {[%emt 0:15:38] unterminated} 14. b3 {[%emt 0:20:36] unterminated} Qd5 {[%emt 0:01:43] unterminated} 15. Nc3 Qd7 {[%emt 0:00:20] unterminated} 16. Rxe6 Nxd4 {[%emt 0:00:32] unterminated} 17. Re1 {[%emt 0:03:30] unterminated} Bb4 {[%emt 0:05:27] unterminated} 18. Bb2 {[%emt 0:02:18] unterminated} Rhe8 {[%emt 0:03:17] unterminated} 19. Rxe8 $2 (19. Qd3 $17 {keeps fighting.}) 19... Rxe8 $2 {[%emt 0:00:44] unterminated} (19... Qxe8 $19 20. Kf1 {[#]} Nxb3 $1 21. axb3 Rxd1+ 22. Rxd1 Qe5) 20. Kf1 {[%emt 0:04:07] [#] unterminated} Qd6 $19 21. Qh5 g6 22. Qxh7 Bxc3 23. Bxc3 Qa6+ 24. Kg1 Ne2+ 25. Kh1 Nxc3 26. Qf7 Qe6 27. Qxe6+ Rxe6 28. Re1 Rxe1# {[%emt 0:00:06] normal} 0-1

[Event "DVM U12 2019"]
[Site "Magedburg"]
[Date "2019.12.30"]
[Round "7"]
[White "Lieske, Aaron"]
[Black "Malchereck, Zion"]
[Result "0-1"]
[ECO "B32"]
[WhiteElo "1493"]
[BlackElo "1543"]
[Annotator "NA"]
[PlyCount "66"]
[EventDate "2019.12.27"]
[EventType "team-tourn"]
[EventRounds "7"]
[EventCountry "GER"]
[SourceTitle "playchess.com"]
[Source "ChessBase"]
[SourceQuality "1"]
[WhiteTeam "SC Kreuzberg"]
[BlackTeam "Hamburger SK"]
[BlackTeamCountry "GER"]
[TimeControl "40/5400+30:1800+30"]

1. e4 c5 2. Nf3 Nc6 3. d4 cxd4 4. Nxd4 e5 5. Nf3 Nf6 6. Nc3 Bb4 7. Bd2 Bxc3 8. Bxc3 Nxe4 9. Qd3 Nxc3 10. Qxc3 O-O 11. O-O-O Qe7 12. Bb5 e4 13. Nd2 d5 14. Bxc6 bxc6 15. Qxc6 Bb7 16. Qa4 Rfc8 17. Qd4 Qc7 18. c3 Rab8 19. Kb1 Ba6 20. Ka1 Qb7 21. Nb3 Bc4 22. Rd2 Qa6 23. Nc1 Qa5 24. f3 Re8 25. Re1 exf3 26. Rxe8+ Rxe8 27. b3 Re4 28. Qg1 Qxc3+ 29. Rb2 Re1 30. Qxe1 Qxe1 31. bxc4 Qxc1+ 32. Rb1 Qc3+ 33. Rb2 fxg2 {[%emt 0:00:27] normal} 0-1

[Event "DVM U12 2019"]
[Site "Magedburg"]
[Date "2019.12.30"]
[Round "7"]
[White "Freude, Paul"]
[Black "Radutny, Alexej"]
[Result "1-0"]
[ECO "C08"]
[WhiteElo "1491"]
[BlackElo "1045"]
[Annotator "NA"]
[PlyCount "45"]
[EventDate "2019.12.27"]
[EventType "team-tourn"]
[EventRounds "7"]
[EventCountry "GER"]
[SourceTitle "playchess.com"]
[Source "ChessBase"]
[SourceQuality "1"]
[WhiteTeam "SV Empor Berlin"]
[BlackTeam "SK Bad Homburg"]
[WhiteTeamCountry "GER"]
[TimeControl "40/5400+30:1800+30"]

1. e4 e6 2. d4 d5 3. Nd2 c5 4. exd5 exd5 5. Ngf3 Nf6 6. c3 Nc6 7. Bb5 Bd7 8. O-O cxd4 9. Bxc6 Bxc6 10. Nxd4 Be7 11. Re1 Bd7 12. Qe2 Kf8 13. N2b3 Bd6 14. Be3 Qc7 15. g3 Ke7 16. Nf5+ Bxf5 17. Bb6+ Kd7 18. Bxc7 Bxc7 19. Qe7+ Kc8 20. Qxf7 Rg8 21. Nc5 Bg6 22. Qe6+ Kd8 23. Nxb7# {normal} 1-0

[Event "DVM U12 2019"]
[Site "Magedburg"]
[Date "2019.12.30"]
[Round "7"]
[White "Adelmeyer, Nelly"]
[Black "Römer, Uri"]
[Result "1-0"]
[ECO "D04"]
[WhiteElo "1453"]
[BlackElo "1311"]
[Annotator "NA"]
[PlyCount "94"]
[EventDate "2019.12.27"]
[EventType "team-tourn"]
[EventRounds "7"]
[EventCountry "GER"]
[SourceTitle "playchess.com"]
[Source "ChessBase"]
[SourceQuality "1"]
[WhiteTeam "SV Roter Turm Halle"]
[BlackTeam "SF Brackel"]
[WhiteTeamCountry "GER"]
[TimeControl "40/5400+30:1800+30"]

1. d4 d5 2. Nf3 Nf6 3. e3 Bf5 4. Nbd2 e6 5. Be2 Nbd7 6. b3 c5 7. Bb2 cxd4 8. Nxd4 Bg6 9. O-O Bc5 10. c4 O-O 11. Rc1 Rc8 12. N2f3 Ne4 13. cxd5 exd5 14. Nc2 Nb6 15. Bd3 Re8 16. Ne5 Qd6 17. Nxg6 hxg6 18. a3 Qe6 19. b4 Bd6 20. Nd4 Qd7 21. Bb5 Bxh2+ 22. Kxh2 Qd6+ 23. f4 Rxc1 24. Qxc1 Rc8 25. Qe1 Nc4 26. Bxc4 dxc4 27. Bc3 g5 28. Nf5 Qe6 29. fxg5 Nxg5 30. Bxg7 f6 31. Qh4 c3 32. Bxf6 Qxf6 33. Nh6+ Kg7 34. Rxf6 Kxf6 35. Qf4+ Kg7 36. Qxg5+ Kh8 37. Qf6+ Kh7 38. Qf5+ Kxh6 39. Qxc8 c2 40. Qxc2 b6 41. Qf5 a5 42. g4 axb4 43. axb4 b5 44. g5+ Kh5 45. g6+ Kh4 46. Kg1 Kg3 47. g7 {[%emt 0:00:24] normal} Kh4 1-0

[Event "DVM U12 2019"]
[Site "Magedburg"]
[Date "2019.12.30"]
[Round "7"]
[White "Skolnik, Andrius"]
[Black "Spinka, Georg Kamil"]
[Result "0-1"]
[ECO "B50"]
[WhiteElo "1278"]
[BlackElo "1338"]
[Annotator "NA"]
[PlyCount "80"]
[EventDate "2019.12.27"]
[EventType "team-tourn"]
[EventRounds "7"]
[EventCountry "GER"]
[SourceTitle "playchess.com"]
[Source "ChessBase"]
[SourceQuality "1"]
[WhiteTeam "SF Brackel"]
[BlackTeam "SV Roter Turm Halle"]
[TimeControl "40/5400+30:1800+30"]

1. e4 c5 2. Nf3 d6 3. Nc3 g6 4. Bc4 Bg7 5. Ng5 e6 6. d3 Nf6 7. Nf3 O-O 8. Bg5 a6 9. g4 Qc7 10. Bxf6 Bxf6 11. g5 Bg7 12. h4 h5 13. gxh6 Bxh6 14. h5 Kg7 15. hxg6 fxg6 16. Nh4 Qf7 17. Qe2 Nc6 18. f3 Nd4 19. Qh2 Qxf3 20. Nxf3 Nxf3+ 21. Ke2 Nxh2 22. Rxh2 b5 23. Bb3 Bd7 24. Rah1 Rh8 25. Rg2 Bf4 26. Rf1 e5 27. Nd5 Bh3 28. Rxg6+ Kxg6 29. Nxf4+ exf4 30. Rxf4 Raf8 31. Rf3 Rxf3 32. Kxf3 Rh5 33. Kf4 Kf6 34. c3 Be6 35. c4 bxc4 36. dxc4 Bh3 37. Bd1 Rg5 38. b3 Rg1 39. Bc2 Rg2 40. Bb1 Rb2 {[%emt 0:00:13] normal} 0-1

[Event "DVM U12 2019"]
[Site "Magedburg"]
[Date "2019.12.30"]
[Round "7"]
[White "Monninkhoff, Yari"]
[Black "Negru, Maximilian"]
[Result "1-0"]
[ECO "C54"]
[WhiteElo "1272"]
[BlackElo "1267"]
[Annotator "NA"]
[PlyCount "45"]
[EventDate "2019.12.27"]
[EventType "team-tourn"]
[EventRounds "7"]
[EventCountry "GER"]
[SourceTitle "playchess.com"]
[Source "ChessBase"]
[SourceQuality "1"]
[WhiteTeam "SV Empor Berlin"]
[BlackTeam "SK Bad Homburg"]
[WhiteTeamCountry "GER"]
[TimeControl "40/5400+30:1800+30"]

1. e4 e5 2. Nf3 Nc6 3. Bc4 Bc5 4. c3 Nf6 5. d3 d5 6. exd5 Nxd5 7. O-O O-O 8. Bb3 Re8 9. Re1 Bg4 10. Bc2 Nf6 11. Bg5 Qd6 12. Nbd2 Bb6 13. Nc4 Qe6 14. Nxb6 axb6 15. Qe2 Nd5 16. d4 f6 17. Bd2 Rad8 18. Qd3 g6 19. Nh4 f5 20. dxe5 Nxe5 21. Qg3 Qf6 22. h3 {[%emt 0:05:58] normal} Bh5 23. Bg5 {[%emt 0:01:03] normal} 1-0

[Event "DVM U12 2019"]
[Site "Magedburg"]
[Date "2019.12.30"]
[Round "7"]
[White "Mandalka, Justus"]
[Black "Spranger, Tobias"]
[Result "0-1"]
[ECO "B32"]
[WhiteElo "1220"]
[BlackElo "1390"]
[Annotator "NA"]
[PlyCount "88"]
[EventDate "2019.12.27"]
[EventType "team-tourn"]
[EventRounds "7"]
[EventCountry "GER"]
[SourceTitle "playchess.com"]
[Source "ChessBase"]
[SourceQuality "1"]
[WhiteTeam "SK Bad Homburg"]
[BlackTeam "SV Empor Berlin"]
[BlackTeamCountry "GER"]
[TimeControl "40/5400+30:1800+30"]

1. e4 c5 2. Nf3 Nc6 3. d4 cxd4 4. Nxd4 g6 5. Be3 Bg7 6. Bb5 Nf6 7. Nc3 O-O 8. O-O a6 9. Be2 d5 10. exd5 Nxd5 11. Nxd5 Qxd5 12. c3 Nxd4 13. cxd4 f5 14. Rc1 Kh8 15. Bc4 Qd6 16. g3 b5 17. Bb3 Bb7 18. Re1 Rac8 19. Rc3 Rxc3 20. bxc3 Qc6 21. Kf1 Qg2+ 22. Ke2 Bf3+ 23. Kd3 Bxd1 24. Rxd1 Qe4+ 25. Ke2 Rc8 26. Rd3 e5 27. Kd2 Rd8 28. d5 Qg2 29. d6 Qc6 30. f4 e4 31. Rd4 Rxd6 32. Ke2 Rxd4 33. cxd4 h6 34. Kd2 a5 35. Bf7 g5 36. fxg5 hxg5 37. d5 Qc3+ 38. Ke2 Qd3+ 39. Kf2 f4 40. gxf4 gxf4 41. Bxf4 Qf3+ 42. Ke1 Qxf4 43. Be6 Bc3+ 44. Ke2 Qf3# {normal} 0-1